cohdb
Replays
Latest Replays
All Replays
Popular Replays
Top Player Replays
Match Explorer
How It Works
Community
CoH3 Stats
Reddit
Sign in to upload your games and track your stats! →
Sign in with Steam
Hero Chaffee saves the day
Match 8888539
Overview
Messages
Build Orders
End
Construct Barracks
Riflemen Squad
Riflemen Squad
Riflemen Squad
Grenade Package
Riflemen Squad
Infantry Support Center
Construct Medical Station
Construct Motor Pool
Selects Armored Battlegroup
Selects Veteran Crews
Selects Field Repairs
M24 Chaffee Light Tank
Selects War Machine
Engineer Squad
Selects Strength in Steel
M24 Chaffee Light Tank
M1 Anti-tank Gun Team
Selects Seek and Destroy
M1918 Browing Automatic Rifles
M24 Chaffee Light Tank
M24 Chaffee Light Tank
M24 Chaffee Light Tank
Engineer Squad
Selects M4A3E8 Sherman Combat Group
M1 Anti-tank Gun Team
Scout Squad
Scout Squad
M4A3E8 Sherman Combat Group
M1 Anti-tank Gun Team
Construct Weapon Support Center
M1919 Machine Gun Team
M1919 Machine Gun Team
M4A3E8 Sherman Combat Group
Seek and Destroy
Trainzz
xizi20
0
0
Comments
sign in to comment!
No comments posted yet!